Map: 2000 Atmospheres LE

Players

Clem

  • Race: Terran Terran

Solar - Winner!

  • Race: Zerg Zerg

Event: DreamHack SC2 Masters Last Chance 2022

VOD

Have the link to the VOD?

Description

Time

  • Played on: Jan. 13, 2022, 10:46 a.m.
  • Length: 22:59

All games in this series

Show
View Real Time Build Order
Export as new Build Order

Clem Terran 

Build Orders: Hellion Opening, Reaper Expand 

Get SALT Encoding   

  12  0:00  SCV  
  13  0:13  SCV  
  14  0:17  Supply Depot  
  14  0:25  SCV  
  15  0:38  SCV  
  15  0:39  Barracks  
  16  0:43  Refinery  
  16  0:50  SCV  
  17  1:02  SCV  
  18  1:14  SCV  
  19  1:26  Reaper  
  19  1:27  Orbital Command  
  20  1:39  Command Center  
  20  1:46  Supply Depot  
  20  1:53  SCV  
  21  1:58  Marine  
  22  2:05  SCV  
  23  2:09  Factory  
  23  2:17  SCV  
  23  2:20  Barracks Reactor  
  24  2:29  SCV  
  25  2:39  Command Center  
  25  2:42  SCV  
  26  2:52  Orbital Command  
  26  2:54  SCV  
  27  3:02  Starport  
  27  3:04  Refinery  
  27  3:06  SCV  
  27  3:11  Hellion  
  30  3:13  Hellion  
  30  3:17  Marine  
  30  3:18  SCV  
  34  3:20  SCV  
  35  3:31  SCV  
  35  3:32  Hellion, SCV  
  39  3:35  Hellion  
  41  3:43  SCV  
  41  3:44  SCV  
  41  3:47  Starport Tech Lab  
  43  3:51  Orbital Command  
  43  3:55  Hellion  
  45  3:56  Hellion, SCV  
  45  3:57  Supply Depot  
  48  4:03  Barracks Tech Lab  
  48  4:05  Raven  
  48  4:09  SCV x2  
  52  4:16  SCV  
  53  4:20  Hellion x2, Supply Depot  
  53  4:21  SCV  
  53  4:22  SCV  
  59  4:32  Barracks  
  59  4:35  Marine, Stimpack, Orbital Command  
  59  4:36  Barracks, SCV  
  61  4:40  SCV  
  61  4:42  Hellion  
  61  4:43  Hellion, Supply Depot  
  66  4:46  Refinery  
  66  4:48  Refinery, SCV  
  66  4:52  SCV  
  68  4:54  Marine  
  68  4:59  Engineering Bay, Starport Reactor  
  69  5:02  Engineering Bay, SCV  
  69  5:03  SCV  
  69  5:05  Supply Depot  
  69  5:06  SCV  
  72  5:12  Marine  
  73  5:14  Factory Reactor, SCV  
  73  5:17  SCV  
  75  5:28  Barracks, SCV x2  
  77  5:29  Terran Infantry Weapons Level 1, Barracks Reactor  
  77  5:30  Marine  
  77  5:31  Barracks, Terran Infantry Armor Level 1  
  77  5:32  SCV  
  79  5:38  Marine x2  
  79  5:39  Supply Depot  
  79  5:40  SCV  
  79  5:41  SCV  
  83  5:46  Supply Depot, SCV  
  84  5:51  Medivac x2  
  84  5:53  SCV  
  84  5:56  SCV, Widow Mine x2  
  93  6:01  SCV  
  93  6:02  Marine x2  
  93  6:03  Supply Depot  
  93  6:04  Marine  
  96  6:05  SCV  
  96  6:06  Marine  
  96  6:07  Marine  
  96  6:08  SCV  
  101  6:12  Supply Depot  
  101  6:13  SCV  
  101  6:17  Barracks Reactor  
  101  6:18  Combat Shield, SCV, Barracks Reactor  
  103  6:20  Marine, SCV  
  105  6:25  Refinery, Factory  
  105  6:26  Marine, SCV  
  105  6:28  Marine  
  105  6:30  SCV  
  105  6:32  Marine x2  
  110  6:37  Armory  
  110  6:38  Marine  
  112  6:41  Supply Depot  
  112  6:44  Marine, SCV  
  112  6:46  Marine  
  106  6:48  SCV  
  106  6:50  Marine  
  106  6:51  Marine  
  106  6:54  Marine x4  
  108  6:55  Marine  
  108  6:56  SCV x2  
  114  7:01  Marine  
  114  7:03  SCV  
  114  7:04  Marine  
  114  7:05  Supply Depot  
  114  7:08  Medivac, SCV  
  119  7:12  Marine, SCV  
  119  7:14  Marine  
  119  7:15  SCV  
  124  7:19  Marine  
  124  7:20  SCV  
  124  7:23  Medivac  
  124  7:24  SCV  
  124  7:27  Supply Depot, SCV  
  128  7:31  Marine  
  128  7:36  Terran Infantry Weapons Level 2  
  129  7:38  Command Center, Medivac  
  129  7:39  Marine  
  129  7:40  Marine x3  
  129  7:43  SCV  
  138  7:44  Widow Mine  
  138  7:48  Marine x2  
  126  7:53  Medivac, Marine x2  
  126  7:54  SCV  
  126  7:55  SCV  
  118  7:59  Command Center, Marine  
  118  8:00  Marine  
  118  8:03  Marine x2  
  119  8:06  SCV  
  119  8:07  SCV  
  119  8:08  Medivac, Widow Mine  
  119  8:09  Marine x2  
  119  8:10  Marine  
  119  8:11  Widow Mine  
  119  8:12  Marine  
  129  8:15  Widow Mine  
  129  8:18  SCV  
  129  8:19  SCV  
  133  8:21  Marine x2  
  133  8:22  SCV  
  133  8:23  Medivac  
  133  8:24  Marine x2  
  140  8:28  Terran Infantry Armor Level 2  
  140  8:29  Widow Mine  
  140  8:31  Marine  
  140  8:33  Widow Mine  
  145  8:35  Refinery  
  145  8:36  SCV, Widow Mine  
  145  8:39  Marine x2  
  149  8:44  Supply Depot, Marine  
  149  8:45  Supply Depot  
  137  8:49  Marine x2  
  137  8:50  Marine x2  
  137  8:51  Widow Mine  
  137  8:53  Medivac  
  137  8:54  Widow Mine  
  147  8:58  Widow Mine  
  147  8:59  Supply Depot  
  149  9:04  SCV x2  
  149  9:06  Marine x2  
  149  9:07  SCV  
  149  9:09  Marine  
  141  9:12  Marine x3, Widow Mine  
  141  9:13  Marine x3  
  141  9:16  SCV, Widow Mine  
  152  9:18  Drilling Claws  
  152  9:19  Widow Mine  
  152  9:24  Marine x2  
  154  9:27  Marine  
  154  9:28  Terran Vehicle And Ship Armor Level 1  
  154  9:30  Marine  
  152  9:31  Marine x2  
  152  9:34  Medivac, Widow Mine  
  152  9:37  Widow Mine  
  152  9:38  SCV  
  161  9:40  Sensor Tower  
  161  9:41  Medivac, Widow Mine  
  161  9:42  Marine  
  164  9:46  SCV  
  164  9:51  Marine  
  153  9:55  SCV, Widow Mine  
  153  9:56  SCV  
  153  9:57  Marine x2  
  153  9:58  Widow Mine  
  137  10:00  SCV x2  
  137  10:02  Widow Mine  
  137  10:04  Medivac  
  137  10:06  Marine  
  127  10:08  SCV  
  127  10:11  Medivac  
  122  10:15  Marine  
  122  10:16  Marine x2, SCV, Widow Mine  
  122  10:17  Marine  
  122  10:19  SCV  
  122  10:20  SCV, Widow Mine  
  131  10:23  Widow Mine  
  131  10:27  Marine  
  131  10:28  Marine, SCV  
  135  10:31  SCV  
  137  10:36  SCV  
  137  10:38  Marine, Widow Mine  
  137  10:39  Marine x3  
  137  10:41  Widow Mine  
  146  10:43  Medivac, Marine x2  
  146  10:45  Marine, Widow Mine  
  153  10:51  Planetary Fortress  
  152  10:58  Marauder  
  152  10:59  Widow Mine  
  152  11:02  Marine x2  
  152  11:03  Widow Mine  
  156  11:06  Widow Mine  
  156  11:08  Marine x2  
  156  11:09  Marine x2  
  156  11:11  Marine x2  
  156  11:13  Medivac  
  156  11:18  SCV x3  
  159  11:19  Marine  
  159  11:20  Marine  
  159  11:21  Marine, Widow Mine  
  164  11:26  Marine x2  
  164  11:31  Barracks x2  
  166  11:33  Barracks  
  166  11:35  Terran Infantry Weapons Level 3, Marine  
  166  11:37  Marine  
  168  11:40  Widow Mine  
  168  11:41  Marine  
  168  11:43  SCV x2  
  161  11:48  Marine x2  
  161  11:49  Marine x2  
  161  11:53  Marine x2  
  161  11:54  Marine, Widow Mine  
  167  11:58  Marine  
  167  11:59  Marine, Widow Mine  
  169  12:06  Marine x2, Widow Mine  
  169  12:07  Marine  
  169  12:08  Liberator  
  171  12:12  Command Center  
  171  12:13  Marauder, SCV  
  175  12:15  SCV  
  175  12:17  Marine x2  
  175  12:19  Marine  
  175  12:22  Medivac  
  180  12:28  Widow Mine  
  180  12:29  Marine x2  
  182  12:34  Marauder  
  178  12:37  Barracks Tech Lab, Ghost Academy  
  178  12:38  Barracks Tech Lab  
  178  12:39  Barracks Tech Lab  
  178  12:40  Marine x4  
  178  12:44  Marine  
  178  12:51  Medivac  
  177  12:52  Terran Infantry Armor Level 3  
  177  12:53  Marine x3  
  177  12:58  Refinery, SCV  
  181  12:59  SCV x2  
  181  13:04  Marine x3  
  181  13:05  Marauder  
  188  13:09  Missile Turret  
  188  13:10  Marauder  
  188  13:12  Marine  
  191  13:13  Marauder  
  191  13:16  Marauder  
  193  13:26  Marauder  
  195  13:29  Medivac  
  197  13:35  Marauder  
  199  13:47  Widow Mine  
  188  13:51  Ghost, Marine  
  188  13:52  Siege Tank  
  188  13:54  Widow Mine  
  188  13:55  Marine x4  
  170  14:05  Marine  
  170  14:06  Barracks x2  
  170  14:08  Barracks, Widow Mine  
  170  14:09  Marine  
  170  14:16  SCV  
  170  14:17  SCV  
  168  14:19  Barracks Tech Lab  
  168  14:22  Barracks Tech Lab  
  153  14:25  Barracks Tech Lab  
  153  14:26  Marine x2, Marauder  
  153  14:27  Marine  
  141  14:33  SCV, Orbital Command  
  141  14:34  Concussive Shells  
  141  14:37  SCV  
  139  14:40  Barracks Tech Lab  
  139  14:41  Barracks Tech Lab  
  139  14:42  Marine, Orbital Command  
  139  14:44  Marine x3, SCV  
  142  14:46  Factory Tech Lab  
  142  14:47  Marauder  
  142  14:50  Missile Turret  
  144  14:57  Ghost  
  146  15:01  Ghost, SCV  
  146  15:02  SCV  
  146  15:05  SCV  
  146  15:07  Ghost  
  151  15:08  Ghost, SCV  
  151  15:12  Ghost  
  155  15:21  Ghost  
  155  15:24  SCV  
  155  15:25  Ghost  
  161  15:28  SCV  
  161  15:33  Ghost  
  161  15:35  Barracks Tech Lab x2  
  163  15:37  Ghost  
  163  15:38  SCV  
  163  15:39  SCV  
  163  15:41  SCV  
  168  15:44  Marine x2, Widow Mine  
  167  15:50  SCV  
  167  15:51  Ghost  
  167  15:54  SCV  
  169  15:57  SCV  
  170  16:05  Ghost  
  170  16:06  Widow Mine  
  170  16:10  Ghost  
  176  16:16  Marine x3  
  176  16:17  Marine  
  177  16:23  Barracks Tech Lab  
  169  16:26  SCV  
  169  16:27  SCV x2, Widow Mine  
  169  16:29  SCV  
  169  16:31  Missile Turret  
  175  16:33  SCV  
  175  16:34  Refinery  
  175  16:39  SCV x2  
  172  16:48  Widow Mine  
  172  16:50  Marauder  
  172  16:51  Ghost  
  172  16:52  Starport  
  177  16:54  SCV x2  
  177  16:56  SCV  
  177  16:58  SCV  
  181  17:01  Ghost  
  181  17:06  SCV  
  181  17:07  SCV  
  181  17:10  Widow Mine  
  181  17:14  Missile Turret, Ghost x2  
  181  17:17  Ghost  
  183  17:30  Ghost x2  
  183  17:31  Marine x2, Widow Mine  
  183  17:32  SCV  
  183  17:35  SCV x3  
  191  17:45  Supply Depot  
  190  17:53  Missile Turret  
  190  18:00  Supply Depot, Barracks Tech Lab x3  
  189  18:07  Medivac, SCV  
  189  18:11  Command Center  
  189  18:12  Factory Reactor, Orbital Command  
  192  18:13  Ghost  
  190  18:23  Ghost  
  169  18:36  Medivac  
  169  18:38  Missile Turret, Ghost  
  169  18:40  SCV x2  
  169  18:41  Command Center  
  175  18:50  Command Center, Refinery  
  175  18:52  Missile Turret  
  174  18:58  Ghost  
  174  19:04  Widow Mine  
  174  19:07  Marine x2  
  174  19:08  Marauder x2, SCV x2  
  181  19:16  Widow Mine  
  172  19:17  Barracks Tech Lab  
  172  19:19  SCV  
  172  19:22  Barracks Tech Lab  
  169  19:25  Marine x2  
  169  19:27  Supply Depot, Marine  
  169  19:28  Marine, Widow Mine  
  166  19:32  Ghost  
  166  19:34  Command Center  
  156  19:40  Missile Turret, Widow Mine  
  156  19:41  Medivac  
  156  19:43  Missile Turret  
  159  19:47  Marine x2  
  161  19:58  Widow Mine  
  163  20:01  Widow Mine  
  163  20:02  Ghost  
  165  20:08  Ghost x2  
  169  20:17  Marauder  
  169  20:19  Widow Mine  
  171  20:26  Medivac  
  168  20:29  Widow Mine  
  168  20:34  Marine, Marauder  
  173  20:40  Widow Mine  
  173  20:50  Command Center, Widow Mine  
  173  20:53  Missile Turret  
  175  21:02  Widow Mine  
  175  21:12  Widow Mine  
  175  21:13  SCV  
  175  21:17  SCV  
  179  21:18  Ghost  
  179  21:23  Widow Mine  
  177  21:30  Medivac  
  177  21:32  Marine x2  
  150  21:33  Widow Mine  
  150  21:36  Orbital Command  
  139  21:42  Marine  
  139  21:43  Marauder  
  139  21:44  Widow Mine  
  143  21:47  Orbital Command  
  143  22:00  SCV x2  
  143  22:02  SCV  
  143  22:05  Ghost, Widow Mine  
  142  22:12  SCV x2  
  142  22:13  Orbital Command  
  143  22:17  SCV  
  142  22:26  Widow Mine, Orbital Command  
Show
View Real Time Build Order
Export as new Build Order

Solar Zerg - Winner!

Build Orders: Hatch First, Lurkers 

Get SALT Encoding   

  12  0:00  Drone  
  13  0:12  Overlord  
  13  0:17  Drone  
  14  0:32  Drone x2  
  16  0:46  Hatchery  
  15  0:51  Drone  
  15  0:54  Drone  
  17  0:57  Drone  
  18  1:07  Extractor  
  17  1:12  Spawning Pool  
  17  1:16  Drone  
  17  1:20  Drone  
  18  1:28  Drone  
  19  1:41  Drone  
  20  1:51  Drone  
  21  1:59  Queen x2  
  21  2:00  Zergling x4  
  27  2:15  Overlord, Zergling x2  
  28  2:20  Hatchery  
  27  2:24  Drone  
  28  2:35  Drone x3  
  31  2:38  Queen  
  33  2:44  Overlord  
  33  2:47  Drone  
  34  2:53  Drone  
  34  2:54  Metabolic Boost  
  34  2:57  Drone  
  36  3:05  Drone x2  
  38  3:09  Drone  
  38  3:10  Drone x2  
  41  3:14  Queen  
  41  3:18  Overlord  
  43  3:20  Drone  
  44  3:33  Queen  
  46  3:34  Drone x3  
  46  3:38  Queen  
  51  3:43  Overlord  
  51  3:45  Zergling x2  
  51  3:46  Drone x3  
  51  3:48  Drone  
  56  3:50  Zergling x2  
  56  3:53  Drone  
  56  3:54  Overlord  
  59  4:02  Drone  
  59  4:06  Drone x5  
  59  4:09  Queen  
  66  4:14  Zergling x2  
  66  4:15  Zergling x4  
  66  4:16  Overlord  
  69  4:20  Drone x2  
  71  4:25  Extractor, Queen  
  71  4:27  Drone, Evolution Chamber  
  71  4:29  Drone, Evolution Chamber  
  72  4:34  Overlord  
  72  4:35  Spore Crawler  
  72  4:36  Drone x2  
  72  4:37  Drone  
  74  4:40  Overlord  
  74  4:44  Overlord  
  74  4:50  Overlord  
  74  4:53  Drone x2  
  74  4:55  Zergling x4  
  74  4:56  Zergling x8  
  82  5:03  Drone  
  82  5:04  Drone  
  82  5:05  Drone  
  85  5:08  Drone  
  85  5:09  Drone  
  85  5:12  Drone  
  85  5:13  Drone, Zerg Melee Weapons Level 1, Zerg Ground Armor Level 1  
  89  5:18  Zergling x2  
  89  5:19  Zergling x2  
  89  5:20  Drone x2  
  89  5:21  Drone  
  94  5:29  Extractor  
  94  5:31  Lair  
  94  5:32  Drone x2  
  94  5:33  Extractor  
  94  5:34  Extractor  
  93  5:35  Zergling x2  
  93  5:39  Drone x3  
  93  5:42  Hatchery  
  96  5:44  Zergling x10  
  96  5:47  Baneling Nest  
  96  5:48  Drone x2  
  101  5:58  Drone x4  
  101  6:00  Drone  
  101  6:01  Overlord  
  106  6:10  Overlord  
  106  6:14  Overlord  
  106  6:16  Overlord  
  106  6:20  Overlord, Drone x2  
  106  6:21  Zergling x6  
  106  6:24  Drone  
  111  6:26  Drone  
  111  6:27  Pneumatized Carapace  
  111  6:30  Centrifugal Hooks  
  111  6:32  Zergling x2  
  113  6:33  Hatchery  
  113  6:39  Zergling x6  
  119  6:40  Zergling x8  
  119  6:41  Baneling  
  119  6:42  Baneling x4  
  119  6:45  Drone x3  
  114  6:52  Zergling x8  
  114  6:57  Zergling x4  
  114  6:59  Queen  
  114  7:00  Drone  
  118  7:03  Drone, Baneling x5, Overseer  
  118  7:06  Overlord  
  118  7:12  Overlord x2  
  118  7:15  Zerg Ground Armor Level 2, Zerg Melee Weapons Level 2  
  117  7:18  Zergling x6  
  117  7:20  Drone  
  120  7:24  Zergling x2  
  120  7:25  Zergling x6  
  120  7:28  Zergling x8  
  120  7:29  Baneling x4  
  128  7:33  Drone x7  
  135  7:39  Zergling x4  
  135  7:40  Queen  
  135  7:41  Baneling x3  
  138  7:45  Zergling x4  
  138  7:46  Overlord  
  133  7:53  Zergling x6, Hatchery  
  123  7:58  Zergling x8  
  123  8:00  Drone x3  
  123  8:01  Drone  
  123  8:02  Drone x2  
  123  8:03  Infestation Pit, Zergling x6  
  123  8:04  Hydralisk Den  
  128  8:08  Zergling x6  
  128  8:10  Zergling x2  
  128  8:11  Zergling x6  
  128  8:12  Baneling x6  
  135  8:14  Extractor  
  135  8:17  Zergling x6  
  135  8:18  Zergling x2  
  136  8:23  Zergling x2  
  135  8:28  Burrow, Zergling x8  
  135  8:32  Drone x4  
  142  8:35  Overlord  
  142  8:37  Grooved Spines  
  142  8:38  Zergling x2  
  141  8:41  Baneling x5  
  141  8:42  Baneling x3  
  141  8:43  Zergling x6  
  141  8:48  Zergling x14  
  139  8:51  Hive  
  139  8:52  Extractor, Spire  
  139  8:54  Hydralisk x2  
  139  8:55  Extractor, Spore Crawler  
  139  8:57  Zergling x8  
  139  8:58  Overlord  
  139  8:59  Zergling x2  
  143  9:04  Zergling x10  
  143  9:06  Drone x2  
  145  9:10  Hydralisk x3  
  145  9:14  Zergling x8  
  155  9:17  Baneling x6  
  155  9:18  Baneling x2  
  155  9:20  Hatchery  
  155  9:22  Zergling x10  
  159  9:28  Zergling x8  
  162  9:31  Zergling x2  
  162  9:32  Zergling x4  
  162  9:33  Baneling x4  
  163  9:38  Baneling x2  
  163  9:41  Zergling x12  
  163  9:43  Overseer  
  166  9:46  Zergling x6  
  166  9:48  Zerg Missile Weapons Level 1  
  166  9:50  Zergling x4  
  166  9:51  Zergling x4  
  165  9:55  Hydralisk x2  
  165  9:59  Zergling x10  
  160  10:00  Zergling x2  
  160  10:01  Zergling x2  
  160  10:05  Zergling x6  
  160  10:06  Zergling x4  
  167  10:08  Zergling x4  
  167  10:13  Muscular Augments  
  167  10:14  Lurker Den  
  165  10:15  Zergling x10  
  165  10:18  Baneling x6  
  165  10:19  Baneling x2  
  165  10:21  Zergling x4  
  169  10:22  Viper  
  165  10:28  Drone  
  165  10:29  Drone x5  
  165  10:33  Drone x5  
  176  10:38  Hydralisk x2  
  176  10:42  Zergling x10  
  184  10:45  Drone  
  184  10:46  Drone  
  184  10:47  Zergling x4  
  184  10:48  Zergling x2  
  188  10:50  Zergling x4, Overseer  
  188  10:54  Zergling x2  
  188  10:55  Zergling x6  
  188  10:56  Baneling x3  
  190  10:59  Zergling x2  
  190  11:00  Zergling x6  
  174  11:05  Drone x4  
  174  11:07  Drone x3  
  174  11:08  Drone  
  174  11:09  Drone  
  174  11:10  Drone  
  184  11:12  Drone x2  
  184  11:16  Seismic Spines  
  174  11:22  Zergling x14  
  174  11:23  Zergling x4  
  182  11:27  Baneling x9  
  182  11:28  Zergling x2  
  182  11:32  Zergling x10  
  187  11:36  Zergling x2  
  187  11:37  Zergling x8  
  186  11:40  Zergling x2  
  186  11:41  Zergling x6  
  186  11:44  Zergling x10  
  190  11:48  Zergling x8  
  190  11:58  Zergling x6  
  190  12:00  Zergling x10  
  190  12:02  Baneling x2  
  190  12:04  Lurker x9  
  197  12:12  Spore Crawler  
  197  12:13  Drone x5  
  197  12:14  Drone x2  
  200  12:18  Adaptive Talons  
  200  12:20  Zerg Missile Weapons Level 2  
  200  12:21  Zerg Melee Weapons Level 3  
  198  12:26  Zergling x10, Spore Crawler, Nydus Network  
  194  12:30  Drone x2  
  194  12:35  Zergling x16  
  190  12:41  Zergling x2  
  190  12:42  Zergling x12  
  197  12:46  Viper  
  197  12:47  Overlord  
  192  12:54  Baneling x2  
  192  12:55  Baneling x4  
  192  12:57  Hatchery  
  191  13:02  Overlord  
  190  13:12  Overlord  
  190  13:14  Baneling x6  
  190  13:15  Overlord x2  
  183  13:20  Hydralisk x3  
  183  13:26  Nydus Canal  
  183  13:31  Hydralisk x3, Hatchery  
  183  13:32  Zergling x12  
  180  13:35  Zergling x6  
  180  13:37  Zergling x2  
  180  13:40  Zergling x12  
  186  13:43  Zergling x2  
  173  13:51  Hydralisk x2  
  173  13:55  Zergling x8  
  172  13:59  Zergling x4  
  168  14:14  Zergling x8  
  168  14:16  Zergling x2, Hatchery  
  164  14:18  Lurker  
  164  14:20  Lurker  
  164  14:23  Baneling x4  
  164  14:24  Baneling  
  158  14:27  Viper  
  149  14:32  Zergling x4  
  149  14:33  Zergling x4  
  149  14:36  Lurker x2  
  149  14:37  Lurker  
  151  14:38  Lurker  
  151  14:43  Hydralisk  
  153  14:47  Nydus Canal  
  153  14:50  Hydralisk, Lurker  
  156  14:56  Zergling x12  
  156  14:57  Zergling x2  
  160  15:01  Hydralisk x2  
  162  15:13  Zergling x14  
  166  15:19  Drone  
  165  15:25  Lurker x2  
  162  15:32  Zergling x10, Hatchery  
  166  15:37  Baneling x2  
  166  15:38  Baneling x8  
  166  15:42  Lurker x2  
  167  15:44  Nydus Canal, Zergling x4  
  167  15:47  Zergling x4  
  169  15:51  Zergling x8  
  169  15:53  Zergling x2  
  169  15:55  Baneling  
  169  15:56  Baneling x3  
  169  15:57  Zergling x4  
  170  16:00  Zergling x6  
  170  16:01  Zergling x2  
  172  16:11  Hydralisk x4  
  172  16:17  Zergling x12  
  180  16:21  Zergling x6  
  180  16:22  Zergling x2  
  172  16:29  Zergling x12  
  172  16:31  Drone  
  174  16:40  Hydralisk  
  174  16:41  Hydralisk x3  
  174  16:47  Lurker x4  
  186  16:53  Zergling x14  
  192  16:56  Baneling x5  
  192  16:58  Zergling x4  
  192  16:59  Zergling x2  
  192  17:05  Zerg Ground Armor Level 3  
  187  17:10  Overseer  
  187  17:11  Zergling x12  
  187  17:13  Zergling x4  
  183  17:16  Zergling x6  
  186  17:25  Viper  
  186  17:28  Zergling x8  
  193  17:30  Hatchery  
  193  17:31  Drone  
  193  17:32  Baneling x2  
  193  17:33  Lurker x3  
  193  17:34  Lurker, Overseer  
  193  17:35  Overseer  
  197  17:41  Zergling x2  
  197  17:42  Zergling x4  
  198  17:45  Zergling x2  
  198  17:48  Zergling x4  
  199  17:54  Overlord  
  199  17:57  Overlord  
  196  18:06  Overlord  
  191  18:14  Zergling x10  
  191  18:16  Zergling x8  
  191  18:18  Zergling x20  
  194  18:22  Hydralisk  
  194  18:23  Hydralisk x2  
  194  18:24  Zergling x2  
  194  18:25  Zergling x18  
  192  18:28  Zergling x2  
  192  18:29  Zergling x12  
  194  18:34  Nydus Canal  
  194  18:36  Zergling x10  
  194  18:38  Overlord  
  194  18:40  Zergling x6  
  194  18:41  Overseer x3  
  200  18:42  Baneling x2  
  200  18:43  Baneling x5  
  200  18:48  Baneling x7  
  198  19:03  Zergling x4  
  198  19:04  Overseer  
  198  19:08  Zergling x24  
  200  19:12  Zergling x6  
  200  19:14  Hydralisk x3  
  196  19:27  Hydralisk x3  
  196  19:29  Viper x2  
  194  19:32  Zergling x12  
  199  19:41  Zergling x14  
  199  19:42  Zergling x10  
  199  19:43  Zergling x4  
  200  19:51  Nydus Canal  
  200  19:54  Zergling x4  
  200  19:55  Zergling x2, Hatchery  
  200  19:57  Baneling x13, Overseer  
  200  19:59  Zergling x14  
  199  20:01  Zergling x2  
  199  20:02  Zergling x4  
  199  20:03  Adrenal Glands  
  199  20:10  Baneling x7  
  199  20:11  Baneling x8  
  199  20:17  Zergling x8  
  199  20:18  Nydus Canal  
  200  20:22  Zergling x6  
  200  20:25  Zergling x2  
  200  20:28  Zergling x4  
  199  20:29  Zergling x4  
  199  20:34  Baneling x5, Overseer  
  199  20:35  Baneling x11  
  198  20:36  Zergling x2  
  197  20:43  Zergling x6  
  199  20:55  Nydus Canal  
  199  21:00  Baneling x3  
  199  21:03  Zergling x2  
  200  21:05  Overlord  
  193  21:13  Zergling x16  
  199  21:23  Hatchery  
  187  21:27  Nydus Canal  
  187  21:29  Zergling x6  
  187  21:30  Zergling x20  
  181  21:33  Zergling x8  
  181  21:35  Overlord, Overseer x4  
  181  21:36  Overlord x6  
  181  21:39  Hydralisk x2  
  180  21:44  Zergling x2  
  182  21:47  Zergling x2  
  182  21:51  Overlord  
  182  21:53  Unknown  
  181  21:56  Zergling x18, Lurker x6  
  181  22:00  Zergling x4  
  197  22:05  Zergling x6, Baneling  
  197  22:06  Baneling x11  
  197  22:08  Zergling x6  
  200  22:09  Hatchery  
  200  22:13  Zergling x8  
  190  22:24  Zergling x10  
  178  22:31  Zergling x10  
  178  22:32  Zergling x4  
  178  22:34  Zergling x18  
  186  22:40  Zergling x14  
  174  22:49  Nydus Canal  

Tags
 
Add a new tag
Caveats
  • Supply blocks, unpowered buildings, or Contaminate may cause inaccurate times.
  • Supply counts are checked every 10 seconds.